 Dungeon Crawl Stone Soup version 0.26-a0-40-gfe7b5d5a6f (webtiles) character file.

Game seed: 9111116082965269984, levelgen mode: deterministic

1712 defa the Thaumaturge (level 8, -3/42 HPs)
             Began as a Deep Elf Necromancer on May 29, 2020.
             Slain by Harold
             ... wielding a +0 broad axe of electrocution
              (18 damage)
             ... on level 6 of the Dungeon on May 31, 2020.
             The game lasted 01:02:00 (9275 turns).

defa the Thaumaturge (Deep Elf Necromancer)         Turns: 9275, Time: 01:02:00

Health: -3/42      AC:  3    Str:  5    XL:     8   Next: 74%
Magic:  2/24       EV: 14    Int: 23    God:
Gold:   299        SH:  0    Dex: 15    Spells: 11/27 levels left

rFire    . . .     SeeInvis .   w - +3 dagger
rCold    . . .     Gourm    .   (no shield)
rNeg     . . .     Faith    .   a - +0 robe
rPois    .         Spirit   .   (no helmet)
rElec    .         Reflect  .   (no cloak)
rCorr    .         Harm     .   n - +0 pair of gloves
MR       .....                  (no boots)
Stlth    +++.......             (no amulet)
HPRegen  0.14/turn              (no ring)
MPRegen  0.19/turn              (no ring)

@: marked
A: no striking features
a: no special abilities


You were on level 6 of the Dungeon.
You were not hungry.

You visited 1 branch of the dungeon, and saw 7 of its levels.

You collected 299 gold pieces.

Inventory:

Hand Weapons
 b - a +1 dagger
 w - a +3 dagger (weapon)
 x - a +0 quarterstaff
 y - a cursed -3 dagger
Missiles
 g - 13 poisoned darts (quivered)
 u - 77 arrows
 z - 27 bolts
Armour
 a - a +0 robe (worn)
 n - a +0 pair of gloves (worn)
Jewellery
 s - a cursed ring of teleportation
 D - a +6 ring of strength
Wands
 l - a wand of random effects (17)
Scrolls
 e - a scroll of fog
 f - 3 scrolls of enchant weapon
 i - 2 scrolls of magic mapping
 k - a scroll of amnesia
 m - a scroll of immolation {unknown}
 q - 6 scrolls of teleportation
 v - a scroll of blinking {unknown}
 C - a scroll of noise {unknown}
Potions
 d - a potion of degeneration
 h - 2 potions of curing
 o - a potion of haste
 p - a potion of mutation
 r - a potion of lignification {unknown}
 t - a potion of cancellation {unknown}
 A - a potion of might {unknown}
 B - a potion of stabbing {unknown}
Comestibles
 c - 4 rations


   Skills:
 + Level 0.3 Fighting
 + Level 1.7 Short Blades
 + Level 3.4 Dodging
 + Level 3.6 Stealth
 + Level 10.2 Spellcasting
 + Level 9.8 Necromancy
 + Level 0.6 Transmutations
 + Level 1.4 Poison Magic


You had 11 spell levels left.
You knew the following spells:

 Your Spells              Type           Power        Failure   Level  Hunger
a - Pain                  Necr           ####         1%          1    None
b - Animate Skeleton      Necr           N/A          1%          1    None
c - Vampiric Draining     Necr           ######....   1%          3    None
d - Animate Dead          Necr           N/A          1%          4    #......
e - Agony                 Necr           ######..     2%          5    ####...
f - Sting                 Tmut/Pois      ###.         3%          1    None
g - Beastly Appendage     Tmut           ##....       4%          1    None

Your spell library contained the following spells:

 Spells                   Type           Power        Failure   Level  Hunger
 Olgreb's Toxic Radiance  Pois           ###.....     30%         4    #......
 Alistair's Intoxication  Tmut/Pois      ###.....     69%         5    ####...


Dungeon Overview and Level Annotations

Branches:
Dungeon (7/15)
 Temple: D:4-7

Altars:
Elyvilon
Hepliaklqana
Nemelex Xobeh
Qazlal
Trog
Vehumet
The Shining One

Annotations:
D:5 exclusion: centaur
D:6 Harold


Message History

Press: ? - help, Shift-Dir - straight line, f/p - Harold
Aim: Harold, wielding a +0 broad axe of electrocution and wearing a +0 scale mail (almost dead) Harold is almost dead.
Harold gestures at you while chanting. The mark upon you grows brighter.
Things that are here:
a +0 dagger; a +0 hand axe
Okay, then.
Harold fires a harpoon shot at you. The harpoon shot hits you!
You are yanked forward by the harpoon shot.
Harold fires a harpoon shot at you. The harpoon shot hits you!!
* * * LOW HITPOINT WARNING * * *
You are yanked forward by the harpoon shot.
You feel much better.
Harold says, "I was hoping my final job would be more of a challenge, but money is money."
Harold hits you with a +0 broad axe of electrocution!
You are electrocuted!!
You die...

.## #.# #............# #..#.#..
..# #.# #............###..#....
#.####.## ##.....#.#.#...#..###.#
........# #####.#.#.###.#.......
........# #.#.#.# #.#.####.#
........# #.#.#.# #.#.......
........# #.#.#.# #.######.#
........# #.#.#.# #.####<#.#
........# #@#.#.# #.#....#.#
........# #@#.#.# #.#....#.#
........# #.#.#.###.###.##Z#
........# #.#.....#.....##.#
....[...# #)#.....########.#
######'## #)#.....#....Z...#
######.#########.#.....#.########
'......((@.......#.....#.#.....#
#.....>###########.....#.......#


You could see Harold.

Vanquished Creatures
  3 ice beasts
  3 sky beasts
  An ogre (D:5)
  A bullfrog (D:7)
  A water moccasin zombie (D:7)
  2 scorpions
  A bullfrog zombie (D:7)
  A jelly (D:7)
  3 orc priests
  7 orc wizards
  Ijyb (D:4)
  4 worker ants
  Natasha (D:2)
  9 adders
  5 gnolls
  3 oozes
  An adder skeleton (D:7)
  2 leopard geckos
  29 orcs
  4 giant cockroaches
  12 goblins
  5 hobgoblins
  6 jackals
  6 quokkas
  2 ball pythons
  9 bats
  7 frilled lizards
  9 kobolds
  A quokka zombie (D:5)
  2 rats
141 creatures vanquished.

Vanquished Creatures (collateral kills)
  An orc warrior (D:6)
  A crimson imp (D:7)
  An orc wizard (D:3)
  A hound skeleton (D:6)
  A gnoll (D:7)
  A howler monkey skeleton (D:4)
  A dart slug (D:4)
  5 orcs
  2 bats
  A giant cockroach (D:3)
  A jackal (D:4)
  A frilled lizard (D:2)
  A rat (D:3)
18 creatures vanquished.

Vanquished Creatures (others)
  3 fungi (D:5)
3 creatures vanquished.

Grand Total: 162 creatures vanquished

Notes
Turn   | Place    | Note
-------+----------+-------------------------------------------
     0 | D:1      | defa the Deep Elf Necromancer began the quest for the Orb.
     0 | D:1      | Reached XP level 1. HP: 10/10 MP: 6/6
   180 | D:1      | Reached skill level 5 in Necromancy
   718 | D:1      | Reached XP level 2. HP: 15/15 MP: 6/8
  1616 | D:1      | Reached XP level 3. HP: 13/19 MP: 2/10
  1619 | D:1      | Learned a level 1 spell: Animate Skeleton
  2399 | D:2      | Reached XP level 4. HP: 24/24 MP: 9/11
  2464 | D:2      | Noticed Natasha
  2477 | D:2      | Killed Natasha
  2477 | D:2      | Reached skill level 4 in Spellcasting
  2856 | D:3      | Learned a level 3 spell: Vampiric Draining
  3075 | D:3      | Reached skill level 1 in Short Blades
  3075 | D:3      | Reached XP level 5. HP: 22/28 MP: 9/13
  3716 | D:3      | Reached skill level 5 in Spellcasting
  4435 | D:4      | Learned a level 4 spell: Animate Dead
  4688 | D:4      | Noticed Ijyb
  4699 | D:4      | Reached XP level 6. HP: 28/32 MP: 9/16
  4707 | D:4      | Killed Ijyb
  5204 | D:4      | Reached skill level 6 in Spellcasting
  5653 | D:4      | Reached skill level 7 in Spellcasting
  5978 | D:5      | Entered Level 5 of the Dungeon
  5999 | D:5      | Reached XP level 7. HP: 36/36 MP: 17/19
  6107 | D:5      | Learned a level 5 spell: Agony
  6338 | D:5      | Found a radiant altar of Vehumet.
  6352 | D:5      | Reached skill level 8 in Spellcasting
  6499 | D:5      | Found a sparkling altar of Nemelex Xobeh.
  6500 | D:5      | Found a bloodstained altar of Trog.
  6503 | D:5      | Found a hazy altar of Hepliaklqana.
  7080 | D:6      | Identified the Papyrus of Contamination and Transmutation
  7090 | D:6      | Learned a level 1 spell: Sting
  7260 | D:6      | Reached XP level 8. HP: 19/41 MP: 14/22
  7320 | D:6      | Reached skill level 9 in Spellcasting
  7841 | D:6      | Upgraded the game from 0.26-a0-34-g9e0bf03589 to
                  | 0.26-a0-36-g11e0b32562
  7976 | D:5      | Learned a level 1 spell: Beastly Appendage
  8359 | D:7      | Reached skill level 1 in Poison Magic
  8769 | D:7      | Reached skill level 10 in Spellcasting
  8874 | D:7      | Found a stormy altar of Qazlal.
  8875 | D:7      | Found a glowing golden altar of the Shining One.
  8877 | D:7      | Found a white marble altar of Elyvilon.
  8893 | D:7      | Upgraded the game from 0.26-a0-36-g11e0b32562 to
                  | 0.26-a0-40-gfe7b5d5a6f
  9187 | D:7      | Noticed Harold
  9275 | D:6      | Slain by Harold

Illustrated notes

Levels and vault maps discovered:
D:1:      dpeg_arrival_simpleton_c, layout_basic
D:2:      layout_rooms, first_ration, serial_rivers,
          chequers_serial_rivers_large_a, chequers_serial_rivers_micro_b,
          chequers_serial_rivers_small_b, chequers_serial_rivers_room_a,
          chequers_serial_rivers_small_a, chequers_serial_rivers_micro_c,
          chequers_serial_rivers_micro_b, uniq_natasha
D:3:      layout_basic
D:4:      layout_basic, uniq_ijyb
D:5:      layout_rooms, grunt_temple_overflow_open, serial_aquarium,
          aquarium_bridge_straight [aquarium_subvault_bridge,
          aquarium_subvault_wall, aquarium_subvault_bridge,
          aquarium_subvault_window], aquarium_window_2, aquarium_window_fake,
          aquarium_window_fake, aquarium_view_2f
D:6:      layout_basic
D:7:      kennysheep_orc_sif_temple, layout_cave_pools,
          chequers_temple_overflow_statue_of_worship,
          minmay_temple_entry_gardened_gates, serial_shops, nicolae_shop_trees,
          nicolae_shop_stone, shop, grunt_livestock, uniq_harold, uniq_maggie

Skill      XL: |  1  2  3  4  5  6  7  8 |
---------------+-------------------------+-----
Necromancy     | 5 6 7 8 9 |  9.8
Spellcasting   | 4 5 7 8 10 | 10.2
Short Blades   | 1 |  1.7
Stealth        | 3 |  3.6
Dodging        | 3 |  3.4
Poison Magic   | 1 |  1.4
Fighting       | |  0.3
Transmutations | |  0.6

Action                   |  1- 3 |  4- 6 |  7- 9 || total
-------------------------+-------+-------+-------++-------
Melee: Dagger            |    13 |    36 |    52 ||   101
       Kick              |       |       |     5 ||     5
       Headbutt          |       |       |     1 ||     1
 Cast: Pain              |    65 |   111 |   106 ||   282
       Animate Skeleton  |     4 |    21 |     3 ||    28
       Animate Dead      |       |     8 |    15 ||    23
       Vampiric Draining |       |     1 |    28 ||    29
       Agony             |       |       |     4 ||     4
       Sting             |       |       |    24 ||    24
       Beastly Appendage |       |       |     4 ||     4
  Use: Scroll            |       |     4 |     9 ||    13
       Potion            |       |     1 |     4 ||     5
 Stab: Sleeping          |     2 |     5 |       ||     7
  Eat: Chunk             |     4 |     9 |     2 ||    15
       Ration            |       |     1 |     3 ||     4
Armor: Robe              |     3 |     5 |     7 ||    15
Dodge: Dodged            |    11 |    48 |    66 ||   125

Table legend:
 A = Non-vault XP
 B = Vault XP
 C = Vault XP percentage of total XP
 D = Non-vault monster count
 E = Vault monster count
 F = Vault count percentage of total count
                 A         B        C        D         E       F
            +---------+---------+-------+---------+---------+-------
      Total |    2377 |      69 |   2.8 |     157 |       2 |   1.3
            +---------+---------+-------+---------+---------+-------
        D:1 |      42 |       0 |   0.0 |      22 |       0 |   0.0
        D:2 |      59 |      33 |  35.9 |      21 |       1 |   4.5
        D:3 |     158 |       0 |   0.0 |      32 |       0 |   0.0
        D:4 |     401 |      36 |   8.2 |      29 |       1 |   3.3
        D:5 |     548 |       0 |   0.0 |      19 |       0 |   0.0
        D:6 |     476 |       0 |   0.0 |      15 |       0 |   0.0
        D:7 |     693 |       0 |   0.0 |      19 |       0 |   0.0
            +---------+---------+-------+---------+---------+-------
